 Dungeon Crawl Stone Soup version 0.16.1-16-gc44b35d (webtiles) character file.

121 KarvaRausku the Skirmisher (level 5, -3/36 HPs)
             Began as a Halfling Chaos Knight on Apr 16, 2015.
             Killed by the capriciousness of Xom (21 damage)
             ... on level 3 of the Dungeon.
             The game lasted 00:04:20 (2253 turns).

KarvaRausku the Skirmisher (Halfling Chaos Knight)  Turns: 2253, Time: 00:04:29

Health: -3/36      AC:  3    Str: 22    XL:     5   Next: 26%
Magic:  5/5        EV: 14    Int: 11    God:    Xom [..*...]
Gold:   41         SH:  0    Dex: 19    Spells: 0 memorised, 4 levels left

rFire  x . .     SeeInvis .       - Unarmed
rCold  . . .     Clarity  .     h - -2 ring mail of Zoqatev {Contam rF- Str+10} (curse)
rNeg   . . .     SustAb   .     (no shield)
rPois  .         Gourm    .     (no helmet)
rElec  .         Spirit   .     (no cloak)
rCorr  .         Warding  .     (no gloves)
rMut   .         Stasis   .     (no boots)
MR     .....                    (no amulet)
Stlth  +.........               (no ring)
                                (no ring)

@: not resistant to hostile enchantments, very unstealthy
A: hooves 1, agile 2, mutation resistance 1, sense surroundings 1
a: Renounce Religion


You were on level 3 of the Dungeon.
You worshipped Xom.
You were a BORING thing.
You were hungry.

You visited 1 branch of the dungeon, and saw 3 of its levels.

You collected 41 gold pieces.

Inventory:

Armour
 b - a +2 leather armour
 h - the cursed -2 ring mail of Zoqatev (worn) {Contam rF- Str+10}
   (Xom gifted it to you on level 2 of the Dungeon)

   It affects your strength (+10).
   It makes you vulnerable to fire.
   It causes magical contamination when unequipped.
   It has a curse placed upon it.
Magical devices
 c - a wand of heal wounds (1)
Scrolls
 e - a scroll of identify {unknown}
 g - 3 scrolls of enchant armour {unknown}
 i - a scroll of remove curse {unknown}
 j - a scroll of fog {unknown}
Potions
 d - 2 potions of heal wounds {unknown}
Comestibles
 a - 2 bread rations
 f - 2 beef jerkies


   Skills:
 + Level 3.6 Fighting
 - Level 2.1 Armour
 + Level 2.4 Dodging
 * Level 3.5 Unarmed Combat


You had 4 spell levels left.
You didn't know any spells.

Dungeon Overview and Level Annotations

Branches:
Dungeon (3/15)

Altars:
Fedhas
Kikubaaqudgha
Zin


Innate Abilities, Weirdness & Mutations

You are small and have problems with some larger weapons.
You are somewhat resistant to further mutation.
You have large cloven feet.
You are very agile. (Dex +4)
You passively map a small area around you.


Message History

The orc hits you with a war axe!
* * * LOW HITPOINT WARNING * * *
You hit the orc but do no damage. You kick the orc, but do no damage.
The orc barely misses you.
You hit the orc but do no damage. You kick the orc, but do no damage.
You punch the orc!
You kill the orc!
Things that are here:
a war axe; a leather armour You start resting.
You are feeling hungry.
You start resting.
Xom is getting BORED.
You start resting.
You are now a BORING thing.
Xom's attention turns to you for a moment.
You convulse helplessly as pain tears through your body!
Ouch! That really hurt!
You die...
Xom howls with laughter!

* **#.# ,# * #.####.#.# ,
#...g.g..#
#.#####.####.##..[. ,
#.......# ,#* * #######.#
*, *. #)# ##. #########(#
#(.* , ..>.....@(####.#.#
* ##########.....#.#
#.#####.# #.# #.# #.# #.#
### #.#####.#### ### (.*
#.##.......###.# #.
#.#..##'##..#.#.
####.#####...##≈.≈##..###


There were no monsters in sight!

Vanquished Creatures
  4 adders (D:2)
  A gnoll (D:3)
  A giant mite (D:2)
  2 giant geckos
  3 orcs (D:3)
  4 giant cockroaches
  13 goblins
  6 hobgoblins
  2 ball pythons (D:2)
  9 bats
  A giant newt (D:2)
  4 kobolds
  12 rats
62 creatures vanquished.

Vanquished Creatures (collateral kills)
  2 gnolls (D:3)
  A hobgoblin (D:3)
3 creatures vanquished.

Grand Total: 65 creatures vanquished

Notes
Turn   | Place    | Note
--------------------------------------------------------------
     0 | D:1      | KarvaRausku, the Halfling Chaos Knight, began the quest for the Orb.
     0 | D:1      | Reached XP level 1. HP: 15/15 MP: 1/1
   155 | D:1      | Reached XP level 2. HP: 13/20 MP: 2/2
   241 | D:1      | XOM: divination: detect items
   275 | D:1      | Reached skill level 3 in Fighting
   359 | D:1      | XOM: silly message
   414 | D:1      | Reached XP level 3. HP: 26/26 MP: 3/3
   502 | D:1      | XOM: divination: detect creatures
   642 | D:1      | XOM: divination: detect creatures
   948 | D:2      | XOM: colour smoke trail
  1129 | D:2      | Reached XP level 4. HP: 31/31 MP: 4/4
  1134 | D:2      | XOM: god gift: ichor-stained ring mail {god gift}
  1172 | D:2      | Got an ichor-stained ring mail {god gift}
  1183 | D:2      | Identified the cursed -2 ring mail of Zoqatev {Contam rF- Str+10} (Xom gifted it to you on level 2 of the Dungeon)
  1239 | D:2      | XOM: god gift: long ivory wand {god gift}
  1314 | D:2      | XOM: medium Ice miscast
  1467 | D:2      | XOM: vitrification
  1608 | D:2      | XOM: give mutations
  1608 | D:2      | Gained mutation: You are agile. (Dex +2) [Xom's grace]
  1608 | D:2      | Gained mutation: You passively map a small area around you. [Xom's grace]
  1608 | D:2      | Gained mutation: You are very agile. (Dex +4) [Xom's grace]
  1608 | D:2      | Gained mutation: You have large cloven feet. [Xom's grace]
  1759 | D:2      | XOM: summons 2 hostile shadow creatures
  1978 | D:3      | Found a glowing silver altar of Zin.
  1978 | D:3      | Found an ancient bone altar of Kikubaaqudgha.
  1978 | D:3      | Found a blossoming altar of Fedhas.
  2017 | D:3      | Reached XP level 5. HP: 9/36 MP: 5/5
  2025 | D:3      | XOM: summons 5 friendly demons
  2036 | D:3      | XOM: colour smoke trail
  2253 | D:3      | XOM is BORED!
  2253 | D:3      | XOM: medium Necr miscast
  2253 | D:3      | Killed by the capriciousness of Xom

Action                   |  1- 3 |  4- 6 || total
-------------------------+-------+-------++-------
Melee: Unarmed           |   154 |   111 ||   265
Evoke: Wand              |       |     1 ||     1
 Stab: Sleeping          |     1 |       ||     1
  Eat: Chunk             |     1 |     3 ||     4
